 Dungeon Crawl Stone Soup version 0.13.0-26-gf7ffa3a (webtiles) character file.

1687 Grandi the Magician (level 8, -9/53 HPs)
             Began as a Human Wizard on Oct 31, 2013.
             Shot with a bolt by an orc warrior (16 damage)
             ... on Level 6 of the Dungeon on Nov 1, 2013.
             The game lasted 01:58:38 (10293 turns).

Grandi the Magician (Human Wizard)                 Turns: 10293, Time: 01:58:39

HP  -9/53        AC  5     Str  8      XL: 8   Next: 74%
MP   0/21        EV 11     Int 20      God:
Gold 476         SH  0     Dex 10 (12) Spells:  6 memorised,  7 levels left

Res.Fire  : + . .   See Invis. : .   f - +2,+1 elf short sword (drain)
Res.Cold  : + . .   Warding    : .   W - +2 orc leather armour {rF+}
Life Prot.: . . .   Conserve   : .   (no shield)
Res.Poison: .       Res.Corr.  : .   b - +0 wizard hat
Res.Elec. : .       Clarity    : .   (no cloak)
Sust.Abil.: . .     Spirit.Shd : +   (no gloves)
Res.Mut.  : .       Stasis     : .   (no boots)
Res.Rott. : .       Flight     : .   y - amulet of guardian spirit
Saprovore : . . .                    B - ring of sustenance
                                     v - ring of protection from cold

@: slightly resistant to hostile enchantments, unstealthy
A: no striking features
a: no special abilities


You were on level 6 of the Dungeon.
You were very hungry.

You visited 1 branch of the dungeon, and saw 7 of its levels.
You also visited: Ossuary.

You collected 456 gold pieces.

Inventory:

Hand weapons
 a - a +0,+2 orcish dagger of venom
 f - a +2,+1 elven short sword of draining (weapon)
 L - a +0,+0 elven dagger (quivered)
 N - a +0,+0 elven long sword
 S - a +0,+1 spear of venom
Missiles
 t - 45 darts
Armour
 b - a +0 wizard hat (worn)
 W - a +2 orcish leather armour of fire resistance (worn)
Magical devices
 p - a wand of enslavement (6)
 E - a wand of cold (8)
 Q - a wand of hasting (4)
Comestibles
 d - 3 bread rations
 q - a meat ration
Scrolls
 g - 8 scrolls of remove curse
 i - 4 scrolls of identify
 k - a scroll of enchant weapon II
 l - a scroll of random uselessness {unknown}
 m - a scroll of enchant armour {unknown}
 o - 2 scrolls of amnesia
 r - a scroll of magic mapping {unknown}
 s - 2 scrolls of fear
 A - a scroll of curse weapon {unknown}
 G - a scroll of fog {unknown}
 K - a scroll of teleportation
 O - 2 scrolls of enchant weapon I {unknown}
 R - a scroll of recharging {unknown}
 U - a scroll of immolation {unknown}
Jewellery
 j - an uncursed ring of sustenance
 n - an uncursed ring of protection from fire
 v - a ring of protection from cold (left hand)
 y - an amulet of guardian spirit (around neck)
 B - a ring of sustenance (right hand)
Potions
 e - 2 potions of poison {unknown}
 h - 3 potions of curing
 u - a potion of heal wounds
 w - a potion of degeneration
 z - a potion of flight {unknown}
 C - 3 potions of brilliance
 D - 4 potions of restore abilities
 I - a potion of might {unknown}
 J - 2 potions of paralysis {unknown}
 P - a potion of speed
 T - 3 potions of resistance {unknown}
Books
 c - a book of Minor Magic

   Spells                             Type                      Level
   *Magic Dart                        Conjuration                  1
   *Blink                             Translocation                2
   *Call Imp                          Summoning                    2
   Repel Missiles                     Charms/Air                   2
   Slow                               Hexes                        2
   Conjure Flame                      Conjuration/Fire             3
   *Mephitic Cloud                    Conjuration/Poison/Air       3
 H - a book of Air

   Spells                             Type                      Level
   *Shock                             Conjuration/Air              1
   *Swiftness                         Charms/Air                   2
   Repel Missiles                     Charms/Air                   2
   Flight                             Charms/Air                   3
   Static Discharge                   Conjuration/Air              3
   Lightning Bolt                     Conjuration/Air              5


   Skills:
 * Level 3.6 Fighting
 + Level 0.2 Short Blades
 + Level 0.2 Throwing
 * Level 3.8 Armour
 + Level 3.1 Dodging
 + Level 2.2 Stealth
 + Level 5.8 Spellcasting
 + Level 1.6 Conjurations
 + Level 4.4 Summonings
 + Level 2.0 Translocations
 + Level 0.4 Air Magic
 + Level 0.2 Evocations


You had 7 spell levels left.
You knew the following spells:

 Your Spells              Type           Power        Failure   Level  Hunger
a - Magic Dart            Conj           ##..         6%          1    None
b - Blink                 Tloc           N/A          10%         2    None
c - Call Imp              Summ           ###.......   2%          2    None
d - Mephitic Cloud        Conj/Pois/Air  #.......     24%         3    ##.....
e - Swiftness             Chrm/Air       #.........   17%         2    None
f - Shock                 Conj/Air       #...         10%         1    None


Dungeon Overview and Level Annotations

Branches:
Dungeon (7/27)
 Temple: D:4-7          Orc: D:6-11

Altars:
Cheibriados
Fedhas


Message History

Aim: an orc, wielding a trident (moderately wounded)
The zap hits the orc.
The orc is severely wounded.
The zap hits the orc.
You kill the orc!
Casting: Shock
Confirm with . or Enter, or press ? or * to list all spells.
Aiming: Shock
Press: ? - help, Shift-Dir - straight line, f - orc warrior
Aim: an orc warrior, wielding an orcish trident and wearing an orcish plate armour (moderately wounded)
The zap hits the orc warrior.
The orc warrior is moderately wounded.
The zap hits the orc warrior.
The orc warrior is heavily wounded.
The orc warrior unwields an uncursed orcish trident.
The orc warrior wields an uncursed crossbow.
The orc warrior shoots a bolt.
The bolt hits you!
* * * LOW HITPOINT WARNING * * *
The orc warrior shoots a bolt.
The bolt hits you!
You die...

#.........######
#........#
#.........'....#
#........#
#.........####.#
#........# ((....<...#
#.###........#
#((.)....5#
#...'.[......#
########'##
#####........# ##.....#
####'##### #..#####
######..# ###'#######
#.@....## ..........#
##(######### ..(.......#
#..........# ..........#
#..........# .5........#
#..........#
..........####.)........#
o......5o.##(o......(...#
o......).5o..#..........#
{.........####.........(#


You could see an orc warrior.

Vanquished Creatures
  A sky beast (D:5)
  2 orc warriors (D:6)
  An ice beast (D:6)
  An ogre (D:6)
  A centaur (D:5)
  An orc priest (D:5)
  2 hounds (D:6)
  Ijyb (D:2)
  A mummy (Ossuary)
  2 adders
  3 gnolls (D:5)
  A giant eyeball (D:5)
  10 orcs
  2 ball pythons (D:1)
  6 bats
  A bat skeleton (D:6)
  2 giant cockroaches
  4 goblins
  4 hobgoblins
  3 kobolds
  A quokka (D:6)
  3 giant newts
  A goblin skeleton (D:4)
  An orc zombie (Ossuary)
  7 rats
  A ballistomycete (D:6)
63 creatures vanquished.

Vanquished Creatures (collateral kills)
  A sky beast (D:4)
  A centaur (D:6)
  An ogre (D:6)
  A water moccasin (D:6)
  4 crimson imps
  An iguana (D:5)
  A quasit (D:6)
  An orc priest (D:6)
  A centaur skeleton (D:6)
  2 scorpions
  3 orc wizards (D:6)
  Jessica (D:3)
  9 mummies (Ossuary)
  A gnoll shaman (D:5)
  4 adders
  A gnoll (D:5)
  2 worms
  2 giant eyeballs
  4 giant geckos
  21 orcs
  A ball python (D:1)
  3 giant cockroaches
  A gnoll zombie (Ossuary)
  7 goblins
  5 hobgoblins
  7 jackals
  7 kobolds
  2 quokkas (D:4)
  2 bats (D:5)
  A giant mite zombie (D:6)
  2 giant newts
  3 hobgoblin zombies (Ossuary)
  2 kobold skeletons
  2 kobold zombies (Ossuary)
  An orc zombie (Ossuary)
  2 rats
110 creatures vanquished.

Vanquished Creatures (others)
  13 crimson imps
  4 iron imps
  5 shadow imps
  24 white imps
  A giant spore (D:6)
47 creatures vanquished.

Grand Total: 220 creatures vanquished

Notes
Turn   | Place    | Note
--------------------------------------------------------------
     0 | D:1      | Grandi, the Human Wizard, began the quest for the Orb.
     0 | D:1      | Reached XP level 1. HP: 11/11 MP: 5/5
   238 | D:1      | Reached XP level 2. HP: 13/17 MP: 0/7
   242 | D:1      | Learned a level 2 spell: Blink
   245 | D:1      | Learned a level 2 spell: Call Imp
  1076 | D:2      | Noticed Ijyb
  1605 | D:2      | Reached XP level 3. HP: 19/22 MP: 1/9
  2473 | D:2      | Killed Ijyb
  2473 | D:2      | Reached XP level 4. HP: 16/28 MP: 1/11
  2781 | D:3      | Noticed Jessica
  3131 | D:3      | Killed Jessica
  3131 | D:3      | Reached skill level 1 in Armour
  3503 | D:3      | Reached skill level 4 in Spellcasting
  3503 | D:3      | Reached XP level 5. HP: 9/33 MP: 1/14
  3549 | D:3      | Noticed a sky beast
  3833 | D:4      | Found a sand-covered staircase.
  3840 | Ossuary  | Entered an ossuary
  3889 | Ossuary  | Reached skill level 1 in Fighting
  4726 | D:4      | Reached XP level 6. HP: 40/40 MP: 9/16
  4746 | D:4      | Learned a level 3 spell: Mephitic Cloud
  4752 | D:4      | Noticed a sky beast
  4801 | D:4      | Killed a sky beast
  5430 | D:4      | Learned a level 2 spell: Swiftness
  5781 | D:4      | Learned a level 1 spell: Shock
  5782 | D:5      | Entered Level 5 of the Dungeon
  6435 | D:5      | Reached XP level 7. HP: 43/45 MP: 9/18
  6495 | D:5      | Paralysed by a giant eyeball for 2 turns
  6506 | D:5      | Paralysed by a giant eyeball for 2 turns
  6516 | D:5      | Paralysed by a giant eyeball for 3 turns
  7172 | D:5      | Noticed a sky beast
  7208 | D:5      | Killed a sky beast
  7406 | D:5      | Paralysed by a giant eyeball for 3 turns
  7829 | D:6      | Reached skill level 5 in Spellcasting
  8269 | D:6      | Paralysed by a giant eyeball for 4 turns
  8310 | D:6      | Found a blossoming altar of Fedhas.
  8310 | D:6      | Found a snail-covered altar of Cheibriados.
  8513 | D:6      | Reached XP level 8. HP: 33/52 MP: 17/20
  8728 | D:6      | HP: 1/52 [orc warrior/orcish halberd (15)]
 10293 | D:6      | Shot with a bolt by an orc warrior

Action                   |  1- 3 |  4- 6 |  7- 9 || total
-------------------------+-------+-------+-------++-------
Melee: Unarmed           |    11 |       |       ||    11
       Short sword       |    11 |    68 |    75 ||   154
Throw: Dagger            |       |     1 |     2 ||     3
 Cast: Magic Dart        |    39 |    19 |     1 ||    59
       Call Imp          |    35 |    87 |   111 ||   233
       Blink             |       |     9 |     9 ||    18
       Shock             |       |    14 |    24 ||    38
       Mephitic Cloud    |       |     1 |     7 ||     8
Evoke: Wand              |       |     4 |     4 ||     8
  Use: Scroll            |     6 |     7 |     5 ||    18
       Potion            |       |    10 |     1 ||    11
